 Seeded DCSS version 0.30-a0-1112-gfb780f5df6 (webtiles) character file.

Game seed: 10500318188560928690 (custom seed)

3663 Pimp the Magician (level 9, -3/74 HPs)
             Began as a Purple Draconian Fire Elementalist on Apr 19, 2023.
             Slain by a killer bee (6 damage)
             ... on level 9 of the Dungeon.
             The game lasted 00:23:29 (7823 turns).

Pimp the Magician (DrFE)                            Turns: 7823, Time: 00:23:30

Health: -3/74      AC:  8    Str: 12    XL:     9   Next: 89%
Magic:  7/18       EV: 13    Int: 19    God:
Gold:   555        SH:  6    Dex: 11    Spells: 13/20 levels left

rFire   + . .      SeeInvis .    f - staff of fire
rCold   . . .      Faith    .    c - +1 buckler
rNeg    . . .      Spirit   .    (body armour unavailable)
rPois   +          Reflect  .    (helmet restricted)
rElec   .          Rampage  .    s - +0 cloak
rCorr   +                        (no gloves)
Will    +....                    (no boots)
Stlth   ++                       (no amulet)
HPRegen 0.32/turn                j - ring of poison resistance
MPRegen 0.16/turn                n - ring of resist corrosion

@: no status effects
A: breathe power, AC +7, unfitting armour, cold-blooded
a: Breathe Dispelling Energy


You were on level 9 of the Dungeon.
You visited 1 branch of the dungeon, and saw 9 of its levels.

You collected 555 gold pieces.

Inventory:

Hand Weapons
 b - a +1 hand axe of electrocution
Armour
 c - a +1 buckler (worn)
 s - a +0 cloak (worn)
Magical Staves
 f - a staff of fire (weapon)
Jewellery
 i - a +4 ring of protection
 j - a ring of poison resistance (left hand)
 n - a ring of resist corrosion (right hand)
 o - a +6 ring of strength
 v - a +6 ring of dexterity
Wands
 a - a wand of mindburst (5)
 p - a wand of roots (11)
 r - a wand of flame (9)
 w - a wand of digging (12)
Scrolls
 d - 2 scrolls of teleportation
 q - 7 scrolls of identify
 u - a scroll of vulnerability
Potions
 e - 4 potions of curing
 g - a potion of resistance
 h - 2 potions of brilliance
 k - 2 potions of mutation {unknown}
 l - a potion of haste
 m - 4 potions of heal wounds
 x - a potion of invisibility {unknown}


   Skills:
 + Level 5.5 Fighting
 + Level 5.0 Staves
 + Level 5.3 Dodging
 - Level 2.0 Stealth
 + Level 5.0 Shields
 + Level 6.3 Spellcasting
 + Level 5.3 Conjurations
 + Level 6.2 Fire Magic


You had 13 spell levels left.
You knew the following spells:

 Your Spells              Type           Power      Damage    Failure   Level
a - Foxfire               Conj/Fire      100%       2x1d9     1%          1
b - Scorch                Fire           88%        2d8       1%          2
c - Flame Wave            Conj/Fire      42%        2d11      13%         4

Your spell library contained the following spells:

 Spells                   Type           Power      Damage    Failure   Level
 Inner Flame              Hex/Fire       26%        N/A       12%         3
 Volatile Blastmotes      Fire/Tloc      52%        2d14      12%         3
 Gell's Gravitas          Tloc           6%         N/A       38%         3
 Teleport Other           Tloc           6%         N/A       38%         3
 Dispersal                Tloc           3%         N/A       100%        6


Dungeon Overview and Level Annotations

Branches:
Dungeon (9/15)             Temple (0/1) D:5
   Lair: D:8-11         Orc: D:9-12

Altars:
Dithmenos
Hepliaklqana
Kikubaaqudgha
Makhleb
Okawaru
Sif Muna
Xom
Zin
The Shining One

Shops:
D:1 [

Annotations:
D:5 3 runed translucent doors, RealBenFromCanada's ghost, amateur DrTm


Innate Abilities, Weirdness & Mutations

You can breathe bolts of dispelling energy.
Your rich purple scales are hard. (AC +7)
You cannot fit into any form of body armour.
You are cold-blooded and may be slowed by cold attacks.


Message History

A wave of flame ripples out!
The flame wave engulfs the troll.
The troll is moderately wounded.
The flame wave engulfs the hound!
The hound is heavily wounded.
The flame wave engulfs the killer bee!
The killer bee is severely wounded.
You finish channelling waves of flame.
Items here: )) [[.
Your magical contamination has completely faded away.
You now have 555 gold pieces (gained 11).
Things that are here:
a +0 spear; a +0 robe Your extra speed is starting to run out.
An electric eel comes into view.
The electric eel moves out of view.
An orc wizard comes into view. It is wielding a +0 dagger.
You feel yourself slow down.
The orc wizard moves out of view.
An orc wizard comes into view. It is wielding a +0 dagger.
An orc comes into view. It is wielding a +0 whip.
The orc shouts!
The orc wizard shouts!
The orc wizard points at you and mumbles some strange words.
You resist with almost no effort.
You hear a shout!
The orc wizard shouts!
The killer bee stings you.
* * * LOW HITPOINT WARNING * * *
The electric eel shoots out a bolt of lightning at you!
The bolt of electricity hits you!
* * * LOW HITPOINT WARNING * * *
You hear a shout!
Unknown command.
You hear a shout!
The killer bee barely misses you.
An orc comes into view. It is wielding a +0 short sword.
The orc wizard hits you but does no damage.
You see here a killer bee corpse.
You hit the orc wizard but do no damage.
The killer bee stings you.
You die...

.... #.# ~~~~...#.#
........#.#
~~~~~~~≈...#.#
~~.~..≈≈≈≈≈~.....####
~≈≈~~≈~≈≈~~....#oo.o
~≈≈~≈≈~.≈........o######
≈~~~≈≈~..~~S...#@††.)..#
≈≈≈≈h..~.......y.#####.#
~z~..........z### #.#
#.#######..#.### #h#
###............#.## #.#
........†.........# #y#
################.## #.#
#.# #T# #.# #.#


You could see a killer bee, a wight, 2 orc wizards and 2 orcs.

Vanquished Creatures
  A two-headed ogre (D:9)
  Sigmund (D:3)
  2 wyverns (D:9)
  A steam dragon (D:7)
  A water moccasin (D:7)
  2 ice beasts
  A black bear (D:5)
  2 wolves (D:9)
  2 centaurs
  A phantom (D:7)
  A kobold brigand (D:7)
  A bullfrog (D:4)
  4 scorpions
  13 wights
  4 killer bees (D:9)
  3 hounds
  2 jellies
  An orc priest (D:3)
  A gnoll bouda (D:8)
  An orc wizard (D:3)
  4 iguanas
  4 gnolls
  5 adders
  An ufetubus (D:5)
  A worm (D:4)
  2 dart slugs
  18 orcs
  2 ball pythons
  3 bats
  3 endoplasms
  5 giant cockroaches
  2 goblins (D:2)
  7 hobgoblins
  4 jackals (D:3)
  5 quokkas
  4 frilled lizards
  12 kobolds
  2 rats
  2 rat zombies (D:3)
131 creatures vanquished.

Vanquished Creatures (others)
  126 foxfires
126 creatures vanquished.

Grand Total: 257 creatures vanquished

Notes
Turn   | Place    | Note
-------+----------+-------------------------------------------
     0 | D:1      | Pimp the Draconian Fire Elementalist began the quest for
                  | the Orb.
     0 | D:1      | Reached XP level 1. HP: 14/14 MP: 3/3
   206 | D:1      | Reached XP level 2. HP: 20/20 MP: 0/5
   209 | D:1      | Learned a level 2 spell: Scorch
   297 | D:1      | Found a faded altar of an unknown god.
   458 | D:1      | Found Deass's Antique Armour Boutique.
   803 | D:2      | Reached XP level 3. HP: 22/25 MP: 3/6
  1388 | D:3      | Reached skill level 1 in Shields
  1576 | D:3      | Reached XP level 4. HP: 31/34 MP: 2/7
  1757 | D:3      | Reached skill level 1 in Fighting
  1757 | D:3      | Reached skill level 1 in Staves
  1915 | D:3      | Noticed Sigmund
  1945 | D:3      | Killed Sigmund
  1946 | D:3      | Reached XP level 5. HP: 41/41 MP: 4/9
  2115 | D:3      | Learned a level 4 spell: Flame Wave
  2164 | D:3      | Reached XP level 6. HP: 48/48 MP: 1/10
  2266 | D:3      | Found a glowing silver altar of Zin.
  2448 | D:3      | Found an ancient bone altar of Kikubaaqudgha.
  3541 | D:4      | Your scales start taking on a rich purple colour.
  3541 | D:4      | Reached XP level 7. HP: 56/56 MP: 7/13
  3810 | D:5      | Entered Level 5 of the Dungeon
  4316 | D:5      | Found a staircase to the Ecumenical Temple.
  4395 | D:5      | Found a runed translucent gate.
  4396 | D:5      | Found a runed translucent gate.
  4396 | D:5      | Identified the +7 dagger "Moca Sug" {flame, rN+ Int+3}
  4396 | D:5      | Identified the +3 leather armour of Hubris {Harm MP-9
                  | Str+4}
  4397 | D:5      | Found a runed translucent gate.
  4397 | D:5      | Noticed RealBenFromCanada's ghost (amateur DrTm)
  4534 | D:5      | Found a hazy altar of Hepliaklqana.
  4671 | D:5      | Found an iron altar of Okawaru.
  4744 | D:5      | Found a glowing golden altar of the Shining One.
  4859 | D:5      | Found a burning altar of Makhleb.
  4859 | D:5      | Noticed a cacodemon
  4863 | D:5      | Noticed a smoke demon
  4863 | D:5      | Noticed a neqoxec
  5130 | D:6      | Reached XP level 8. HP: 38/63 MP: 3/14
  5964 | D:6      | Reached skill level 5 in Spellcasting
  5964 | D:6      | Reached skill level 5 in Fire Magic
  6199 | D:7      | Found a shadowy altar of Dithmenos.
  6780 | D:7      | Reached XP level 9. HP: 53/72 MP: 4/17
  7237 | D:8      | Found a shimmering altar of Xom.
  7273 | D:9      | Found a shimmering blue altar of Sif Muna.
  7640 | D:9      | Noticed a two-headed ogre
  7649 | D:9      | Killed a two-headed ogre
  7650 | D:9      | Reached skill level 5 in Fighting
  7650 | D:9      | Reached skill level 5 in Dodging
  7650 | D:9      | Reached skill level 5 in Conjurations
  7772 | D:9      | Noticed a troll
  7781 | D:9      | Reached skill level 5 in Staves
  7785 | D:9      | Reached skill level 5 in Shields
  7821 | D:9      | HP: 2/74 [electric eel/bolt of electricity (12)]
  7823 | D:9      | Slain by a killer bee

Illustrated notes

Levels and vault maps discovered:
D:1:      dpeg_arrival_castle, layout_rooms, serial_shops, nicolae_square_shop,
          hellmonk_ecumenical_altar_zigzags
D:2:      layout_basic
D:3:      layout_loops_ring, lemuel_zombie_altar_kikubaaqudgha, zin_statuary,
          kennysheep_orc_chapel, uniq_sigmund
D:4:      layout_basic
D:5:      layout_basic, makhleb_altar_promises_db, amcnicky_altar_gilded,
          nicolae_tso_carved_into_rock, marbit_many_paths, temple_pool_b,
          biasface_ghost_orc_armoury
D:6:      layout_basic, chequers_serial_rivers_large_b
D:7:      layout_basic, grunt_dithmenos_shadows, minmay_nine_imps
D:8:      layout_loops_ring, mainiacjoe_overflow_tiny_flanked,
          general_overflow_altar, ashenzari_altar_1, serial_shops,
          nicolae_shop_industrial_runoff, minmay_manual_mares
D:9:      layout_loops_ring, elyvilon_altar_4, lemuel_crystal_altar,
          erik_lair_island, minmay_orc_entry_guard_dogs

Skill      XL: |  1  2  3  4  5  6  7  8  9 |
---------------+----------------------------+-----
Stealth        | 2 |  2.0
Dodging        | 2 3 4 5 |  5.3
Shields        | 1 2 3 4 5 |  5.0
Fighting       | 1 2 3 4 5 |  5.5
Staves         | 1 2 3 4 5 |  5.0
Conjurations   | 2 3 4 5 |  5.3
Spellcasting   | 3 4 5 6 |  6.3
Fire Magic     | 4 5 6 |  6.2

Action                     |  1- 3 |  4- 6 |  7- 9 || total
---------------------------+-------+-------+-------++-------
  Melee: Hand axe          |     8 |       |       ||     8
         Staff             |    34 |    39 |    48 ||   121
         Tailslap          |     6 |     4 |     8 ||    18
   Cast: Foxfire           |    55 |    23 |     8 ||    86
         Scorch            |       |    32 |   117 ||   149
         Flame Wave        |       |       |     3 ||     3
    Use: Scroll            |     2 |     6 |    11 ||    19
         Potion            |       |     6 |     4 ||    10
   Stab: Sleeping          |     1 |     1 |     2 ||     4
 Armour: Skin              |    27 |    30 |    40 ||    97
  Dodge: Dodged            |    66 |    30 |    93 ||   189
  Block: Buckler           |    19 |     9 |    42 ||    70

Table legend: (Time is in decaauts)
 A = Elapsed time spent in this place.
 B = Non-inter-level travel time spent in this place.
 C = Inter-level travel time spent in this place.
 D = Time resting spent in this place.
 E = Time spent auto-exploring this place.
 F = Levels seen in this place.
 G = Mean time per level.
                   A        B        C        D        E       F      G
               +--------+--------+--------+--------+--------+-----+--------+
         Total |   7881 |   7793 |     88 |   1541 |   4740 |   9 |  875.7 |
       Dungeon |   7881 |   7793 |     88 |   1541 |   4740 |   9 |  875.7 |
               +--------+--------+--------+--------+--------+-----+--------+

Top non-repeatable levels by time:
     D:3: 1458 daAuts
     D:5: 1222 daAuts
     D:6: 1153 daAuts
     D:7: 1090 daAuts
     D:4: 938 daAuts
     D:2: 773 daAuts
     D:1: 659 daAuts
     D:9: 538 daAuts
     D:8: 45 daAuts
